 Dungeon Crawl Stone Soup version 0.30.1-3-gfc49f6343a (webtiles) character file.

Game seed: 15270789809204474821

18788 Arctor the Arsonist (level 12, -1/71 HPs)
             Began as a Gargoyle Fire Elementalist on July 22, 2023.
             Was an Elder of Vehumet.
             Slain by a polar bear (11 damage)
             ... on level 2 of the Lair of Beasts.
             The game lasted 00:48:33 (15494 turns).

Arctor the Arsonist (Gargoyle Fire Elementalist)   Turns: 15494, Time: 00:48:33

Health: -1/71      AC: 22    Str: 11    XL:     12   Next: 62%
Magic:  21/23      EV: 19    Int: 22    God:    Vehumet [****..]
Gold:   609        SH:  0    Dex: 12    Spells: 5/26 levels left

rFire   . . .        l - +9 dagger
rCold   . . .        (no shield)
rNeg    + . .        I - +0 steam dragon scales
rPois   ∞            i - +0 helmet
rElec   +            e - +0 cloak
rCorr   .            (no gloves)
SInv    .            d - +2 pair of boots
Will    .....        (no amulet)
Stlth   ++++         x - +4 ring of protection
HPRegen 0.31/turn    t - ring of Moodiness {EV+5 Dex+2}
MPRegen 0.18/turn

%: no passive effects
@: flying, studying Throwing
A: sickness immunity, AC +8, negative energy resistance 1, electricity
resistance, torment resistance 1, petrification resistance, big wings, wild
magic 1
a: Renounce Religion


You were on level 2 of the Lair of Beasts.
You worshipped Vehumet.
Vehumet was greatly pleased with you.
You visited 3 branches of the dungeon, and saw 12 of its levels.
You also visited: Bailey.

You collected 609 gold pieces.

Inventory:

Hand Weapons
 l - a +9 dagger (weapon)
Missiles
 z - 10 boomerangs
Armour
 a - a +0 robe
 d - a +2 pair of boots (worn)
 e - a +0 cloak (worn)
 i - a +0 helmet (worn)
 F - an orb of mayhem
 I - +0 steam dragon scales (worn)
Magical Staves
 w - a staff of cold
Jewellery
 g - a ring of fire
 k - a ring of positive energy
 o - a ring of willpower
 q - a ring of protection from fire
 t - the ring of Moodiness (right hand) {EV+5 Dex+2}
   (You found it on level 3 of the Dungeon)

   [ring of evasion]

   EV:        It affects your evasion (+5).
   Dex:       It affects your dexterity (+2).
 u - a ring of protection from cold
 x - a +4 ring of protection (left hand)
 y - a ring of resist corrosion
 B - a ring of flight
 K - a +4 ring of protection
Wands
 f - a wand of roots (4)
 p - a wand of flame (14)
 v - a wand of mindburst (13)
 G - a wand of charming (3)
Scrolls
 m - 4 scrolls of identify
 n - a scroll of amnesia
 r - a scroll of vulnerability
 C - a scroll of poison
 D - 2 scrolls of magic mapping
 E - a scroll of silence
 H - a scroll of teleportation
 L - a scroll of enchant weapon
Potions
 b - 2 potions of magic
 c - 4 potions of brilliance
 j - 4 potions of attraction
 s - a potion of degeneration
 A - a potion of cancellation
 J - 7 potions of ambrosia
Miscellaneous
 h - a box of beasts


   Skills:
 + Level 6.6 Fighting
 - Level 3.4 Short Blades
 + Level 6.9 Dodging
 + Level 7.9 Stealth
 + Level 7.6 Spellcasting
 + Level 8.9 Conjurations
 + Level 7.2 Translocations
 + Level 9.9 Fire Magic
 + Level 3.1 Evocations


You had 5 spell levels left.
You knew the following spells:

 Your Spells              Type           Power      Damage    Failure   Level
a - Foxfire               Conj/Fire      100%       2x1d9     1%          1
b - Scorch                Fire           100%       2d9       1%          2
c - Blink                 Tloc           100%       N/A       1%          2
d - Flame Wave            Conj/Fire      60%        2d14      1%          4
e - Passage of Golubria   Tloc           51%        N/A       7%          4
f - Volatile Blastmotes   Fire/Tloc      100%       2d18      1%          3
g - Tukima's Dance        Hex            10%        N/A       32%         3
h - Searing Ray           Conj           100%       2d8       1%          2

Your spell library contained the following spells:

 Spells                   Type           Power      Damage    Failure   Level
 Olgreb's Toxic Radiance  Pois           10%        N/A       24%         4
 Lesser Beckoning         Tloc           100%       N/A       1%          2
 Momentum Strike          Conj/Tloc      100%       3d10      1%          2
 Dazzling Flash           Conj/Hex       72%        N/A       1%          3
 Inner Flame              Hex/Fire       39%        N/A       1%          3
 Manifold Assault         Tloc           51%        N/A       7%          4
 Irradiate                Conj/Tmut      18%        3d17      13%         5
 Yara's Violent Unravell  Hex/Tmut       5%         3d4       52%         5
 Petrify                  Tmut/Erth      10%        N/A       69%         4
 Agony                    Necr           10%        N/A       95%         5
 Silence                  Hex/Air        5%         N/A       95%         5
 Dispersal                Tloc           25%        N/A       61%         6
 Disjunction              Tloc           25%        N/A       100%        8
 Sublimation of Blood     Necr           Unusable   N/A       N/A         2

Dungeon Overview and Level Annotations

Branches:
Dungeon (9/15)             Temple (1/1) D:6            Lair (2/5) D:8
 Spider (0/4) Lair:2       Bailey (visited)
  Swamp: Lair:2-3    Shoals: Lair:2-3       Orc: D:9-12

Altars:
Ashenzari
Cheibriados
Dithmenos
Elyvilon
Fedhas
Gozag
Hepliaklqana
Kikubaaqudgha
Makhleb
Nemelex Xobeh
Okawaru
Qazlal
Ru
Sif Muna
Trog
Uskayaw
Vehumet
Wu Jian
Xom
Yredelemnul
Zin
The Shining One

Shops:
D:5 (   D:6 *

Annotations:
D:4 2 transporters, monsoonserge's ghost, novice FoHu
Temple 2 transporters


Innate Abilities, Weirdness & Mutations

You are immune to sickness and miasma.
Your stone body is resilient. (AC +8)
You are immune to poison.
You resist negative energy. (rN+)
You are resistant to electric shocks. (rElec)
You are resistant to unholy torment.
You are immune to petrification.
Your large and strong wings let you fly.
Your spells are a little harder to cast, but a little more powerful.


Message History

The polar bear goes berserk!
Okay, then.
You hit the polar bear.
The polar bear is severely wounded.
The polar bear bites you but does no damage.
The polar bear barely misses you.
The polar bear claws you but does no damage.
You closely miss the polar bear.
The polar bear is severely wounded.
The polar bear bites you but does no damage.
The polar bear claws you but does no damage. x2
You puncture the polar bear!
The polar bear is almost dead.
The polar bear bites you!
* * * LOW HITPOINT WARNING * * *
The polar bear completely misses you. The polar bear barely misses you.
The polar bear misses you. The polar bear claws you.
* * * LOW HITPOINT WARNING * * *
The polar bear misses you.
Okay, then.
Okay, then.
Casting: Scorch (safe; 1% risk of failure)
Confirm with . or Enter, or press ? or * to list all spells.
Okay, then.
Okay, then.
Okay, then.
You closely miss the polar bear.
The polar bear is almost dead.
The polar bear bites you.
* * * LOW HITPOINT WARNING * * *
The polar bear closely misses you. x2
Unknown command.
Okay, then.
Okay, then.
Okay, then.
Magic courses through your body. The polar bear bites you.
* * * LOW HITPOINT WARNING * * *
The polar bear claws you but does no damage.
The polar bear misses you. The polar bear bites you!
You die...

.#.#.........# ..##
.##.......l....## ...#
##.Y.#Y.........# ....##
#.Y.# #.⌠.. ...# .....#
#.Y# ##...## #..## #......
...# #.....# #...# YY.Y...
<.⌠# #..<..#
#⌠.>###Y.YY... ...#
#.....###...#.Y..Y.Y..
...#
##...#.#...@#.####..Y.
#...###.⌠.###...#h...# .
##...#.....#...##........
.#.....†......##.........#
..##.........####.........
..###†.......# #.........
....†##.....#.. .....##...
..#..#..⌠.#.......#### ###
....#.#+#....#....#


You could see a polar bear (berserk, combustible).

Vanquished Creatures
  A two-headed ogre (D:9)
  An orc knight (Bailey)
  3 elephants
  2 cane toads
  3 komodo dragons
  A queen bee (Lair:1)
  4 dream sheep (Lair:2)
  45 yaks
  5 wyverns
  2 steam dragons
  A basilisk (Lair:1)
  Eustachio (D:4)
  A redback (Lair:2)
  Edmund (D:4)
  6 water moccasins
  An ice beast (D:6)
  5 orc warriors
  Duvessa (D:4)
  3 black bears
  4 wolves (Lair:1)
  3 ogres
  3 centaurs
  A phantom (D:5)
  2 kobold brigands (D:9)
  3 bullfrogs
  A gnoll sergeant (D:6)
  2 scorpions
  8 wights (D:9)
  Dowan (D:4)
  30 killer bees
  An electric eel (Lair:1)
  3 howler monkeys (D:9)
  4 hounds
  5 lava snakes (D:8)
  2 jellies
  8 orc priests
  3 iron imps (D:3)
  Jessica (D:3)
  9 iguanas
  Ijyb (D:3)
  5 orc wizards
  8 gnolls
  5 adders
  2 shadow imps
  3 white imps
  2 ufetubi (D:5)
  A worm (D:2)
  3 dart slugs
  34 orcs
  8 ball pythons
  2 endoplasms (D:3)
  4 giant cockroaches
  12 goblins
  16 hobgoblins
  4 quokkas
  7 bats
  5 frilled lizards
  8 kobolds
  2 rats
313 creatures vanquished.

Vanquished Creatures (collateral kills)
  2 foxfires
2 creatures vanquished.

Vanquished Creatures (others)
  A gargoyle (D:9)
  557 foxfires
558 creatures vanquished.

Grand Total: 873 creatures vanquished

Notes
Turn   | Place    | Note
-------+----------+-------------------------------------------
     0 | D:1      | Arctor the Gargoyle Fire Elementalist began the quest for
                  | the Orb.
     0 | D:1      | Reached XP level 1. HP: 10/10 MP: 3/3
   160 | D:1      | Reached XP level 2. HP: 9/15 MP: 1/5
   588 | D:1      | Learned a level 2 spell: Scorch
   672 | D:1      | Learned a level 2 spell: Blink
   866 | D:2      | Reached XP level 3. HP: 19/19 MP: 3/6
  1649 | D:3      | Found a white marble altar of Elyvilon.
  1798 | D:3      | Noticed Jessica
  1803 | D:3      | Killed Jessica
  1804 | D:3      | Reached skill level 1 in Translocations
  1804 | D:3      | Reached XP level 4. HP: 24/24 MP: 3/7
  1873 | D:3      | Found a burning altar of Makhleb.
  1914 | D:3      | Reached skill level 1 in Fighting
  1921 | D:3      | Reached XP level 5. HP: 20/29 MP: 2/8
  2034 | D:3      | Identified the ring of Moodiness {EV+5 Dex+2}
  2062 | D:3      | Identified the +4 ring mail of the Skies Above {Int+3}
  2072 | D:3      | Noticed Ijyb
  2089 | D:3      | Killed Ijyb
  2200 | D:3      | Learned a level 4 spell: Flame Wave
  2408 | D:3      | Found a sacrificial altar of Ru.
  2613 | D:4      | Noticed Dowan
  2615 | D:4      | Noticed Duvessa
  2624 | D:4      | Reached skill level 5 in Spellcasting
  2624 | D:4      | Reached skill level 5 in Conjurations
  2624 | D:4      | Reached skill level 7 in Fire Magic
  2624 | D:4      | Reached XP level 6. HP: 34/34 MP: 3/13
  2645 | D:3      | Reached XP level 7. HP: 20/38 MP: 3/14
  3054 | D:4      | Found an ornate altar of the Wu Jian Council.
  3111 | D:4      | Noticed Eustachio
  3113 | D:4      | Killed Dowan
  3124 | D:4      | Killed Duvessa
  3125 | D:4      | Reached skill level 1 in Short Blades
  3125 | D:4      | Reached skill level 8 in Fire Magic
  3218 | D:4      | Killed Eustachio
  3219 | D:4      | Reached XP level 8. HP: 44/44 MP: 5/15
  3406 | D:4      | Found a transporter.
  3409 | D:4      | Noticed Edmund
  3410 | D:4      | Noticed monsoonserge's ghost (novice FoHu)
  3411 | D:4      | Found a transporter.
  3424 | D:4      | Killed Edmund
  3858 | D:5      | Entered Level 5 of the Dungeon
  3859 | D:5      | Found a sparkling altar of Nemelex Xobeh.
  3867 | D:5      | Found a hide-covered altar of Uskayaw.
  3879 | D:5      | Found Igubboco's Antique Weapon Shoppe.
  4065 | D:5      | Found a stormy altar of Qazlal.
  4117 | D:5      | Reached skill level 5 in Dodging
  5142 | D:6      | Found an opulent altar of Gozag.
  5144 | D:6      | Found Gozag's Platinum Reserve.
  5157 | D:6      | Reached XP level 9. HP: 49/49 MP: 7/17
  5333 | D:6      | Reached skill level 5 in Translocations
  5474 | D:6      | Found a staircase to the Ecumenical Temple.
  5533 | Temple   | Entered the Ecumenical Temple
  5533 | Temple   | Found a transporter.
  5533 | Temple   | Found a transporter.
  5535 | Temple   | Found a transporter.
  5535 | Temple   | Found a transporter.
  6034 | D:6      | Found a radiant altar of Vehumet.
  6171 | D:6      | Became a worshipper of Vehumet
  6988 | D:7      | Found a burning altar of Makhleb.
  7267 | D:8      | Learned a level 4 spell: Passage of Golubria
  7443 | D:8      | Found a flagged portal.
  7487 | Bailey   | Entered a bailey
  7510 | Bailey   | Reached * piety under Vehumet
  7510 | Bailey   | Offered knowledge of Freeze by Vehumet.
  7521 | Bailey   | Learned a level 3 spell: Volatile Blastmotes
  7649 | Bailey   | Reached XP level 10. HP: 54/56 MP: 3/18
  7788 | Bailey   | Reached skill level 5 in Stealth
  7863 | Bailey   | Noticed an orc knight
  7881 | Bailey   | Gained mutation: Your muscles are strong. (Str +4, Int/Dex
                  | -1) [potion of mutation]
  7881 | Bailey   | Gained mutation: You occasionally shout uncontrollably at
                  | your foes. [potion of mutation]
  7912 | Bailey   | Killed an orc knight
  8021 | Bailey   | Noticed an orc knight
  8249 | D:8      | Found a staircase to the Lair.
  8804 | Lair:1   | Entered Level 1 of the Lair of Beasts
  8899 | D:8      | Learned a level 3 spell: Tukima's Dance
  9567 | D:9      | Noticed a two-headed ogre
  9574 | D:9      | HP: 2/57 [two-headed ogre/+0 giant club (5)]
  9575 | D:9      | Killed a two-headed ogre
  9575 | D:9      | Reached ** piety under Vehumet
  9575 | D:9      | Offered knowledge of Kiss of Death by Vehumet.
  9988 | D:9      | Reached XP level 11. HP: 39/62 MP: 16/20
 10178 | D:9      | Reached skill level 9 in Fire Magic
 10665 | D:9      | Offered knowledge of Searing Ray by Vehumet.
 10773 | D:9      | Learned a level 2 spell: Searing Ray
 10973 | D:9      | Reached skill level 5 in Fighting
 11916 | D:8      | Reached *** piety under Vehumet
 12700 | Lair:1   | Reached skill level 1 in Evocations
 13138 | Lair:1   | Offered knowledge of Ignite Poison by Vehumet.
 13545 | Lair:1   | Lost mutation: Your muscles are strong. (Str +4, Int/Dex
                  | -1) [potion of mutation]
 13545 | Lair:1   | Lost mutation: You occasionally shout uncontrollably at
                  | your foes. [potion of mutation]
 13545 | Lair:1   | Gained mutation: Your large and strong wings let you fly.
                  | [potion of mutation]
 13545 | Lair:1   | Gained mutation: Your spells are a little harder to cast,
                  | but a little more powerful. [potion of mutation]
 13987 | Lair:1   | Reached XP level 12. HP: 69/69 MP: 18/22
 13999 | Lair:1   | Reached **** piety under Vehumet
 15128 | Lair:2   | Found a hole to the Spider Nest.
 15247 | Lair:2   | Offered knowledge of Olgreb's Toxic Radiance by Vehumet.
 15494 | Lair:2   | Slain by a polar bear

Illustrated notes

Levels and vault maps discovered:
D:1:      sevenhm_arrival_forest_fort_small_3, layout_rooms,
          minmay_misc_feat_alley
D:2:      layout_basic
D:3:      layout_rooms, demons_altar, old_standard_altar,
          nicolae_elyvilon_peaceful_grove, uniq_jessica,
          uniq_crazy_yiuf_cottage, uniq_ijyb
D:4:      layout_rooms, lemuel_doored_altar, gammafunk_ghost_mausoleum,
          uniq_edmund, uniq_eustachio, uniq_duvessa
D:5:      layout_loops_ring, mainiacjoe_overflow_alcove_2,
          mainiacjoe_overflow_small_starburst, lemuel_coloured_pillars_altar,
          serial_shops, shop, minmay_manual_monstrance
D:6:      layout_loops_ring, nicolae_gozag_zags_fifth_avenue,
          lemuel_round_altar, minmay_temple_entry_arrows
D:7:      layout_basic, david_defended_altar_orc
D:8:      layout_loops_corners, dpeg_oklobed_lair, enter_bailey_2,
          kennysheep_cluttered_room, kennysheep_big_empty_room
D:9:      minmay_clustersquares, layout_irregular_city,
          nicolae_fountain_basement
Temple:   hellmonk_temple_divided_pantheon
Lair:1:   layout_roguey [special_room_bee], grunt_megastairs_3,
          serial_bayou_shore_a, infiniplex_staircase_pool
Lair:2:   layout_misc_corridors, spider_nest_entry_webs, grunt_megastairs_5

Skill      XL: |  1  2  3  4  5  6  7  8  9 10 11 12 |
---------------+-------------------------------------+-----
Dodging        | 2 4 5 6 |  6.9
Translocations | 1 4 5 6 7 |  7.2
Fighting       | 1 2 3 4 5 6 |  6.6
Conjurations   | 2 5 6 7 8 |  8.9
Stealth        | 3 4 5 7 |  7.9
Spellcasting   | 5 6 7 |  7.6
Fire Magic     | 7 8 9 |  9.9
Short Blades   | 1 2 3 |  3.4
Evocations     | 2 3 |  3.1

Action                     |  1- 3 |  4- 6 |  7- 9 | 10-12 || total
---------------------------+-------+-------+-------+-------++-------
  Melee: Unarmed           |    19 |       |       |       ||    19
         Dagger            |    13 |    71 |    86 |   427 ||   597
         Punch             |       |     1 |     1 |     4 ||     6
   Cast: Foxfire           |    67 |    27 |   132 |   117 ||   343
         Scorch            |       |     3 |    91 |   187 ||   281
         Flame Wave        |       |       |     2 |    25 ||    27
         Passage of Golubr |       |       |     2 |     1 ||     3
         Volatile Blastmot |       |       |     2 |       ||     2
         Tukima's Dance    |       |       |       |     6 ||     6
         Searing Ray       |       |       |       |    12 ||    12
         Blink             |       |       |       |     5 ||     5
    Use: Scroll            |     7 |     1 |     5 |     9 ||    22
         Potion            |       |     2 |       |    12 ||    14
   Stab: Sleeping          |       |       |       |     3 ||     3
 Armour: Robe              |    10 |    31 |    35 |    78 ||   154
         Skin              |       |       |       |    51 ||    51
         Steam dragon scal |       |       |       |    78 ||    78
  Dodge: Dodged            |    31 |    46 |   132 |   530 ||   739
